 Dungeon Crawl Stone Soup version 0.15.0-11-g6f4f891 (webtiles) character file.

630922 Medar the Ninja (level 27, -18/128 HPs)
             Began as a Spriggan Artificer on Aug 30, 2014.
             Was the Champion of Kikubaaqudgha.
             Killed from afar by an orb of fire (34 damage)
             ... with a fireball
             ... on Level 5 of the Realm of Zot on Aug 31, 2014.
             The game lasted 12:02:47 (136857 turns).

Medar the Ninja (Spriggan Artificer)              Turns: 136857, Time: 12:02:48

HP -18/128       AC 17     Str  7      XL: 27
MP  45/49        EV 36     Int 21      God: Kikubaaqudgha [******]
Gold 7302        SH 11     Dex 22      Spells: 15 memorised,  1 level left

rFire  + . .     SeeInvis +     a - +9 quick blade (distort)
rCold  + . .     Clarity  .     g - +5 mottled dragon armour
rNeg   . . .     rCorr    .     l - +2 buckler
rPois  +         rRot     .     Y - +2 hat
rElec  .         Spirit   .     P - +2 cloak {rPois}
SustAb .         Warding  .     (gloves unavailable)
rMut   +         Stasis   .     (boots unavailable)
Gourm  .                        L - amulet of resist mutation
MR     ++++.                    u - ring of protection from fire
                                T - ring of protection from cold {=R}

@: about to teleport, very slightly contaminated, hasted, deflect missiles, very
quick, incredibly resistant to hostile enchantments, uncannily stealthy
A: unfitting armour, see invisible, herbivore 3, speed 3, frail 1, slow
metabolism 2, no device heal 2
a: Receive Corpses, Torment, Renounce Religion
}: 3/15 runes: decaying, silver, gossamer


You were on level 5 of the Realm of Zot.
You worshipped Kikubaaqudgha.
Kikubaaqudgha was exalted by your worship.
You were very full.

You visited 11 branches of the dungeon, and saw 59 of its levels.
You also visited: Sewer, Ice Cave and Volcano.

You collected 9627 gold pieces.
You spent 2325 gold pieces at shops.

Inventory:

Hand weapons
 a - a +9 quick blade of distortion (weapon)
 c - the +0 blowgun of Mexoapp {evade, Int+3}
   (You took it off a vampire knight on level 3 of the Crypt)

   It affects your evasion (+5 to EV).
   It affects your intelligence (+3).
 d - the +7 Spriggan's Knife {MR+ EV+4 Dex+4 Stlth+}
   (You found it in an ice cave)

   It affects your evasion (+4).
   It affects your dexterity (+4).
   It affects your resistance to hostile enchantments.
   It makes you more stealthy.
Missiles
 U - 16 curare-tipped needles
Armour
 g - a +5 mottled dragon armour (worn)
 l - a +2 buckler (worn)
 P - a +2 cloak of poison resistance (worn)
 Y - a +2 hat (worn)
Magical devices
 v - a wand of fireball (4)
 y - a wand of paralysis (12)
 z - a wand of hasting (2)
 F - a wand of disintegration (7)
 H - a wand of enslavement (8)
 O - a wand of hasting (4)
 X - a wand of invisibility (3)
Comestibles
 m - 16 fruits
Scrolls
 e - 2 scrolls of vulnerability
 j - 2 scrolls of summoning
 k - 4 scrolls of fear
 p - 3 scrolls of blinking
 A - 3 scrolls of teleportation
 D - 7 scrolls of fog
 K - 15 scrolls of remove curse
 M - 5 scrolls of recharging
 V - 20 scrolls of identify
 W - 3 scrolls of magic mapping
Jewellery
 i - the ring "Rozol" {Fire rElec Stlth++}
   (You found it on level 1 of the Crypt)

   [ring of fire]

   It enhances your fire magic, and weakens your ice magic.
   It protects you from fire.
   It makes you vulnerable to cold.
   It insulates you from electricity.
   It makes you much more stealthy.
 q - an uncursed amulet of clarity
 u - a ring of protection from fire (right hand)
 w - an uncursed ring of teleport control
 B - a +5 ring of protection
 L - an amulet of resist mutation (around neck)
 T - a ring of protection from cold (left hand) {=R}
Potions
 f - a potion of porridge
 h - 4 potions of magic
 n - 8 potions of cancellation
 s - 4 potions of resistance
 x - 2 potions of haste
 G - 7 potions of curing
 I - 5 potions of agility
 Q - 8 potions of restore abilities
 R - 2 potions of might
Miscellaneous
 o - a fan of gales (inert)
 r - a phial of floods (inert)
 t - a stone of tremors
 E - a fan of gales
 J - a sack of spiders {used: 4}
 S - a phial of floods
Rods
 b - a +2 rod of the swarm (11/11) {!a}
   (You found it on level 7 of the Lair of Beasts)


   Skills:
 + Level 14.5 Fighting
 - Level 17.7 Short Blades
 - Level 2.0 Throwing
 - Level 5.0 Armour
 + Level 22.4 Dodging
 O Level 27 Stealth
 - Level 9.0 Shields
 - Level 22.1 Spellcasting
 - Level 11.3 Hexes
 - Level 20.4 Charms
 - Level 18.3 Necromancy
 - Level 7.1 Translocations
 - Level 7.6 Transmutations
   Level 1.6 Ice Magic
 - Level 4.2 Air Magic
 - Level 4.0 Poison Magic
 - Level 18.8 Evocations


You had one spell level left.
You knew the following spells:

 Your Spells              Type           Power        Failure   Level  Hunger
b - Alistair's Intoxicat  Trmt/Pois      #####...     1%          4    None
c - Agony                 Necr           #######.     1%          5    None
e - Warp Weapon           Chrm/Tloc      ######....   1%          5    None
g - Dispel Undead         Necr           #######.     1%          5    None
h - Confuse               Hex            ######..     1%          3    None
q - Regeneration          Chrm/Necr      #######...   0%          3    None
r - Invisibility          Hex            ######..     3%          6    ###....
t - Phase Shift           Tloc           ######....   3%          5    None
u - Deflect Missiles      Chrm/Air       ######....   1%          6    ###....
w - Blink                 Tloc           N/A          1%          2    None
x - Pain                  Necr           ####         0%          1    None
y - Flight                Chrm/Air       ######....   1%          3    None
I - Silence               Hex/Air        ######....   2%          5    None
M - Death's Door          Chrm/Necr      #######...   6%          8    ######.
N - Borgnjor's Revivific  Necr           #######...   10%         8    ######.


Dungeon Overview and Level Annotations

Branches:
Dungeon (15/15)            Temple (1/1) D:5             Orc (4/4) D:9
    Elf (3/3) Orc:3          Lair (8/8) D:9           Swamp (5/5) Lair:3
 Spider (5/5) Lair:3        Slime (0/6) Lair:7       Vaults (5/5) D:14
  Crypt (3/3) Vaults:2       Tomb (0/3) Crypt:3      Depths (5/5) D:15
    Zot (5/5) Depths:5

Altars:
Ashenzari
Cheibriados
Dithmenos
Elyvilon
Fedhas
Kikubaaqudgha
Makhleb
Nemelex Xobeh
Okawaru
Qazlal
Sif Muna
Trog
Vehumet
Xom
Yredelemnul
Zin
The Shining One
Lugonu

Shops:
D:15 ?   Orc:4 ([*:   Elf:2 :   Elf:3 :   Vaults:3 :?

Portals:
Hell: Depths:1 Depths:2 Depths:3 Depths:4 Depths:5
Abyss: Depths:2 Depths:4
Pandemonium: Depths:3
Ziggurat: Depths:4
Trove: D:10 (show abyssal rune of Zot)

Annotations:
Swamp:2 exclusion: Roxanne, Roxanne
Crypt:1 exclusion: 2 curse skulls
Depths:3 exclusion: orange crystal statue, the Enchantress
Zot:5 exclusion: orange crystal statue


Innate Abilities, Weirdness & Mutations

You are tiny and cannot use many weapons and most armour.
You have supernaturally acute eyesight.
You are a herbivore.
You cover ground extremely quickly.
You need consume almost no food.
You are frail (-10% HP).
Potions and wands are poor at restoring your health.


Message History

Your air elemental misses the orb of fire.
Your air elemental closely misses the orb of fire.
The orb of fire glows bright magenta.
The fireball explodes!
The fireball engulfs you! You resist.
* * * LOW HITPOINT WARNING * * *
Your air elemental completely misses the orb of fire.
Drink which item? (? for menu, Esc to quit)
You feel much better.
Your air elemental hits the orb of fire.
The orb of fire glows yellow.
The fireball explodes!
The fireball engulfs you! You resist.
* * * LOW HITPOINT WARNING * * *
An air elemental merges itself into the air.
An air elemental forms itself from the air!
Drink which item? (? for menu, Esc to quit)
You feel much better.
The orb of fire glows deep purple.
The fireball explodes!
The fireball engulfs you! You resist.
You die...
Kikubaaqudgha rasps: "You have failed me!
Welcome... death!"

#...^........./.....##
...##...........*....##
.###..................##
###...........?........#
# #.....)............≈≈#
#............?...*E^≈#
#.................≈≈≈#
#.................≈≈≈#
#.............@....≈≈#
##..................## #
##..^.............## #
##..............## #▓▓▓
################ #8#
##.###########
.............#
.............#


You could see 2 orbs of fire and a friendly air elemental.

Vanquished Creatures
  2 orbs of fire (Zot:5)
  6 ancient liches
  Margery (Vaults:5)
  2 Killer Klowns
  11 golden dragons
  A bone dragon (Crypt:3)
  Nikola (Elf:3)
  2 electric golems (Zot:2)
  Arachne (Spider:2)
  The ghost of Christof the Shatterer, a mighty MiFi of Okawaru (D:15)
  6 tentacled monstrosities
  10 Orb Guardians (Zot:5)
  3 titans (Vaults:5)
  2 deep elf blademasters
  9 liches
  2 quicksilver dragons
  3 deep elf master archers (Elf:3)
  4 sphinxes
  13 storm dragons
  An octopode crusher (Depths:4)
  Agnes (Elf:3)
  Kirke (Swamp:4)
  3 shadow dragons
  3 thorn hunters
  4 draconian monks
  6 draconian scorchers
  8 tengu reavers
  7 fire giants
  19 vault wardens
  13 deep elf sorcerers
  Donald (Spider:5)
  Wiglaf (Spider:3)
  2 draconian knights
  6 frost giants
  An orc warlord (Orc:4)
  Aizul (Elf:1)
  An iron dragon (Vaults:5)
  4 draconian zealots
  8 ghost moths
  8 emperor scorpions
  5 spriggan defenders
  11 deep elf demonologists
  2 ghouls
  5 draconian annihilators
  Jorgrun (Vaults:2)
  4 draconian shifters
  23 stone giants
  6 very ugly things
  5 war gargoyles
  5 grey draconians
  2 curse skulls
  A draconian caller (Zot:5)
  3 green draconians
  12 white draconians
  17 deep elf annihilators
  11 red draconians
  5 vampire knights
  5 dire elephants
  4 pale draconians
  4 black draconians
  6 yellow draconians
  8 mottled draconians
  9 purple draconians
  An eidolon (Crypt:2)
  30 vault guards
  14 ettins
  A jiangshi (Crypt:1)
  14 ironheart preservers
  4 deep elf death magi
  4 crystal guardians
  2 minotaurs
  22 fire dragons
  A quicksilver dragon zombie (Crypt:3)
  10 great orbs of eyes
  11 deep elf high priests
  12 death cobs
  The ghost of Starve the Carver, a powerful DsGl of Okawaru (Orc:3)
  13 yaktaur captains
  4 rakshasas
  12 ice dragons
  Nessos (Spider:2)
  17 hydras
  The ghost of ghwc the Thaumaturge, a powerful DEFE of Vehumet (Lair:5)
  13 spriggan air magi
  13 centaur warriors
  4 shambling mangroves
  Erica (Elf:1)
  An alligator snapping turtle (Depths:3)
  10 alligators
  12 ogre magi
  4 ghost crabs
  6 dancing weapons
  A merfolk aquamancer (Crypt:1)
  A satyr (Depths:3)
  7 deep troll earth magi
  10 death yaks
  10 deep troll shamans
  3 orc high priests (Orc:4)
  3 tengu warriors
  3 vampire magi
  5 spriggan berserkers
  20 hell knights
  Nergalle (D:10)
  4 soul eaters (Crypt:1)
  A catoblepas (Depths:2)
  2 iron trolls (Depths:5)
  A titan skeleton (Crypt:2)
  Erolcha (Orc:2)
  3 shadow wraiths
  27 skeletal warriors
  7 deep elf knights
  A spectral anaconda (Crypt:1)
  A sea snake (shapeshifter) (Vaults:5)
  29 deep trolls
  13 swamp dragons
  3 ice devils (IceCv)
  3 giant orange brains
  3 spriggan druids
  7 deep elf summoners
  2 flayed ghosts
  12 hill giants
  9 orc knights
  A harpy (shapeshifter) (D:15)
  An unseen horror (Vaults:1)
  A lindwurm (Lair:8)
  18 ironbrand convokers
  A sphinx zombie (Vaults:4)
  A hill giant (shapeshifter) (Depths:5)
  16 orb spiders
  2 wolf spider zombies
  5 wizards
  A kraken simulacrum (Zot:1)
  34 ugly things
  5 cyclopes
  32 wolf spiders
  10 deep elf conjurers
  8 orc sorcerers
  6 red wasps
  2 sphinx skeletons (Volcano)
  14 necromancers
  A cyclops (shapeshifter) (Depths:4)
  6 phantasmal warriors
  A wolf spider (shapeshifter) (Vaults:5)
  A frost giant zombie (Crypt:3)
  A red wasp (shapeshifter) (Vaults:5)
  6 griffons
  A draconian (shapeshifter) (Vaults:5)
  5 black mambas
  A salamander (Zot:1)
  3 manticores
  A molten gargoyle (Zot:1)
  17 moths of wrath
  11 vault sentinels
  2 stone giant skeletons
  A moth of wrath (shapeshifter) (Depths:5)
  A fire giant skeleton (Crypt:1)
  A mermaid (shapeshifter) (Vaults:4)
  10 elephants
  An elephant (shapeshifter) (Elf:2)
  An iron dragon skeleton (Crypt:1)
  2 guardian serpents (D:15)
  A guardian serpent (shapeshifter) (Elf:2)
  An iron devil (Zot:3)
  2 torpor snails
  A dire elephant zombie (Crypt:1)
  A black mamba (shapeshifter) (D:14)
  2 kobold demonologists (D:14)
  A dire elephant skeleton (Crypt:3)
  12 spiny frogs
  7 demonic crawlers
  A golden dragon simulacrum (IceCv)
  2 komodo dragons (shapeshifter)
  77 yaktaurs
  A death yak skeleton (Crypt:1)
  A red draconian skeleton (Crypt:2)
  A white draconian zombie (Zot:3)
  A fire drake (Lair:8)
  A queen bee (D:11)
  4 anaconda simulacra (IceCv)
  11 freezing wraiths
  A tengu conjurer (Depths:3)
  11 two-headed ogres
  Grinder (D:4)
  2 polar bears
  19 deep elf priests
  A blue devil (Depths:3)
  3 silent spectres (Crypt:1)
  A yaktaur skeleton (Vaults:4)
  5 trolls
  A catoblepas zombie (Crypt:1)
  A guardian mummy (Volcano)
  29 jumping spiders
  6 komodo dragons
  Sonja (Orc:2)
  A baby alligator (shapeshifter) (Depths:2)
  A merfolk (D:10)
  A wind drake (shapeshifter) (Depths:4)
  9 giant leeches
  A tengu simulacrum (Vaults:4)
  A hydra skeleton (Crypt:3)
  4 baby alligators
  A raiju (shapeshifter) (Vaults:1)
  47 slime creatures
  11 bog bodies
  11 boulder beetles
  An ice dragon zombie (Crypt:2)
  An ettin zombie (Crypt:2)
  A harpy skeleton (Crypt:1)
  13 ravens
  36 flying skulls
  7 air elementals
  6 basilisks
  12 vampires
  7 blink frogs
  A dire elephant simulacrum (IceCv)
  2 fire dragon zombies (Crypt:3)
  A stone giant simulacrum (Vaults:4)
  43 redbacks
  12 spriggans
  7 water elementals
  An ice dragon skeleton (Crypt:3)
  31 yaks
  A griffon skeleton (Crypt:1)
  An ettin skeleton (Crypt:3)
  18 trapdoor spiders
  19 tarantellas
  7 humans
  4 shadows
  Eustachio (D:6)
  26 deep elf magi
  19 fire elementals
  15 vampire mosquitoes
  A black mamba skeleton (Crypt:1)
  6 wraiths
  2 wyverns
  3 hungry ghosts
  14 hippogriffs
  30 deep elf fighters
  3 harpy simulacra (IceCv)
  An elf skeleton (Depths:3)
  9 fire bats
  5 wargs
  A hill giant skeleton (D:11)
  A hippogriff (shapeshifter) (D:14)
  A merfolk zombie (Crypt:1)
  11 wolves
  A water moccasin (shapeshifter) (Depths:2)
  22 swamp worms
  2 iron troll simulacra (IceCv)
  7 porcupines
  8 swamp drakes
  2 mottled dragons
  5 hydra simulacra
  A fire dragon simulacrum (Crypt:2)
  33 orc warriors
  21 water moccasins
  40 spiders
  A deep dwarf (shapeshifter) (D:14)
  6 sky beasts
  11 yellow wasps
  A merfolk skeleton (Volcano)
  3 necrophages
  32 ogres
  A yellow wasp (shapeshifter) (Depths:5)
  A sky beast (shapeshifter) (Depths:5)
  An alligator simulacrum (IceCv)
  3 human zombies
  The ghost of Crauler the Insei, an average DrTm (D:3)
  2 boring beetles (shapeshifter)
  6 phantoms
  6 ice beasts
  3 manticore skeletons
  A manticore zombie (D:15)
  2 black bears
  An elf simulacrum (Depths:3)
  14 crocodiles
  30 centaurs
  3 draconian zombies
  3 lost souls
  Duvessa (D:9)
  A boggart (Depths:1)
  27 giant frogs
  4 elf zombies
  3 boring beetles
  A salamander zombie (Crypt:1)
  5 brain worms
  4 big kobolds (Sewer)
  A deep troll simulacrum (Vaults:4)
  A gnoll sergeant (D:11)
  20 insubstantial wisps
  2 cyclops zombies
  2 eyes of draining
  7 scorpions
  17 killer bees
  A troll skeleton (Volcano)
  13 wights
  2 human simulacra
  4 spriggan skeletons
  A hippogriff skeleton (D:5)
  A yak skeleton (D:8)
  2 electric eels
  A wolf skeleton (Crypt:2)
  4 goliath beetles
  3 lava snakes
  Dowan (D:9)
  5 crimson imps
  A quasit (D:7)
  A draconian simulacrum (IceCv)
  An iron imp (Depths:2)
  A giant frog skeleton (Crypt:2)
  A human skeleton (Crypt:2)
  Crazy Yiuf (D:2)
  16 hounds
  13 iguanas
  3 jellies
  A centaur skeleton (Volcano)
  29 orc priests
  2 troll simulacra (IceCv)
  A two-headed ogre skeleton (Volcano)
  2 gnoll shamans
  A shapeshifter simulacrum (D:14)
  4 spectral orcs (D:10)
  33 orc wizards
  19 sheep
  A spriggan simulacrum (IceCv)
  12 worker ants
  Jessica (Lair:2)
  2 naga skeletons (Volcano)
  A tengu zombie (Crypt:2)
  3 centaur simulacra (IceCv)
  2 wolf simulacra (IceCv)
  A dwarf skeleton (Crypt:2)
  A crocodile skeleton (D:5)
  A big kobold skeleton (D:11)
  A hound skeleton (D:3)
  A mummy (D:11)
  A naga simulacrum (IceCv)
  14 gnolls
  3 ogre simulacra (IceCv)
  17 adders
  An orc skeleton (D:9)
  6 giant mites
  70 green rats
  16 white imps
  3 shadow imps
  6 ufetubi
  4 worms
  An adder zombie (D:8)
  2 orc zombies
  An iguana skeleton (D:6)
  6 giant geckos
  215 orcs
  7 ball pythons
  29 bats
  6 giant cockroaches
  19 hobgoblins
  11 jackals
  2 oozes (Sewer)
  8 quokkas
  3 giant newts
  2 giant spores
  20 goblins
  2 goblin skeletons (Crypt:1)
  A hobgoblin skeleton (D:5)
  A hobgoblin zombie (Crypt:2)
  20 kobolds
  A kobold skeleton (D:9)
  17 rats
  2 rat zombies
  21 ballistomycetes
  A butterfly (D:14)
  3 crawling corpses
  4 fungi
  2 plants
2789 creatures vanquished.

Vanquished Creatures (collateral kills)
  An ancient lich (Zot:5)
  A golden dragon (Depths:5)
  5 tentacled monstrosities
  An Ice Fiend (IceCv)
  3 titans (Vaults:5)
  A deep elf master archer (Depths:3)
  An octopode crusher (Depths:3)
  2 liches
  A storm dragon (Depths:5)
  A sphinx (Vaults:5)
  Rupert (Spider:5)
  2 thorn hunters
  4 shadow dragons
  2 fire giants
  3 tengu reavers
  3 vault wardens
  A frost giant (Vaults:3)
  2 iron dragons
  A draconian knight (Zot:1)
  An orc warlord (Orc:3)
  2 emperor scorpions (Spider:5)
  3 war gargoyles (Vaults:5)
  3 very ugly things
  A deep elf demonologist (Elf:3)
  2 stone giants
  2 dire elephants
  A mottled draconian (Zot:3)
  A red draconian (Zot:3)
  A yellow draconian (Zot:2)
  2 ettins
  2 merfolk impalers (Depths:3)
  5 fire dragons
  4 ironheart preservers
  5 vault guards
  A great orb of eyes (Vaults:3)
  13 hydras
  A rakshasa (D:14)
  An ice dragon (Depths:1)
  A centaur warrior (D:13)
  2 spriggan air magi
  A shambling mangrove (Swamp:5)
  3 alligators (Swamp:1)
  An ogre mage (Vaults:5)
  3 tengu warriors
  3 death yaks
  2 spriggan berserkers (Depths:5)
  An orc high priest (Orc:4)
  A hell knight (Depths:1)
  2 deep elf knights
  2 ice devils (IceCv)
  A swamp dragon (Swamp:2)
  3 skeletal warriors (Vaults:2)
  An orb spider (Spider:5)
  A deep troll (Depths:4)
  2 ice statues
  2 necromancers
  2 ironbrand convokers
  An orc knight (Orc:4)
  14 ugly things
  2 red wasps
  17 slime creatures
  8 wolf spiders
  A manticore (D:14)
  2 griffons
  A phantasmal warrior (Vaults:5)
  2 cyclopes
  A wolf spider (shapeshifter) (Vaults:5)
  2 moths of wrath (Zot:3)
  A salamander (shapeshifter) (Depths:2)
  2 elephants
  A gargoyle (D:14)
  5 vault sentinels
  A spiny frog (Lair:8)
  A torpor snail (Lair:8)
  2 anaconda simulacra (IceCv)
  5 ravens
  A centaur skeleton (D:15)
  2 komodo dragons
  An efreet (Zot:1)
  6 yaktaurs
  2 fire drakes (Lair:8)
  8 jumping spiders
  A deep elf priest (Vaults:5)
  A tengu conjurer (Depths:1)
  2 freezing wraiths
  A blue devil (IceCv)
  3 two-headed ogres
  A wind drake (Depths:3)
  A polar bear (shapeshifter) (D:14)
  A golden dragon simulacrum (IceCv)
  A blink frog (Lair:4)
  3 boulder beetles (Lair:8)
  An iron dragon simulacrum (Depths:3)
  5 bog bodies
  6 trapdoor spiders (Spider:5)
  2 basilisks (Lair:8)
  A baby alligator (Swamp:1)
  3 deep elf magi
  A shadow (Crypt:1)
  6 redbacks
  4 water elementals
  5 spriggans
  3 tarantellas
  A dire elephant simulacrum (IceCv)
  7 vampire mosquitoes
  2 deep elf fighters
  2 fire elementals (Zot:1)
  A tengu zombie (D:14)
  An iron troll simulacrum (IceCv)
  3 swamp worms
  A wolf (Lair:7)
  A human zombie (Depths:1)
  A porcupine (Lair:7)
  A warg (Vaults:2)
  5 swamp drakes
  A boring beetle (Lair:8)
  A mottled dragon (Lair:8)
  3 water moccasins
  A snapping turtle zombie (Crypt:1)
  A spider (Swamp:5)
  6 yellow wasps
  2 boggarts (Depths:1)
  6 orc warriors (Orc:4)
  4 centaurs (D:13)
  2 necrophages (Crypt:3)
  4 crocodiles (Lair:8)
  A fire dragon simulacrum (Crypt:1)
  8 ogres
  A gnoll sergeant (D:11)
  10 insubstantial wisps
  A spriggan zombie (Depths:5)
  3 electric eels (Depths:3)
  12 killer bees
  A quasit (D:14)
  2 yellow wasp zombies (Depths:5)
  A lava snake (D:14)
  2 iguanas
  2 orc priests
  5 orc wizards (Orc:4)
  A troll simulacrum (IceCv)
  A spriggan simulacrum (IceCv)
  7 sheep
  A mummy (D:14)
  An ogre simulacrum (IceCv)
  5 gnolls
  A green rat (Lair:8)
  2 ufetubi (IceCv)
  7 orcs (Orc:4)
  A briar patch (Swamp:4)
  A butterfly (Lair:5)
  A crawling corpse (Vaults:4)
  A fungus (Lair:6)
  A plant (Swamp:2)
399 creatures vanquished.

Vanquished Creatures (others)
  An orb of fire (Zot:1)
  A curse toe (Zot:4)
  2 golden dragons
  2 electric golems (Zot:5)
  A lich (Crypt:3)
  A fire giant (Vaults:3)
  A deep elf sorcerer (Vaults:5)
  A war gargoyle (Crypt:3)
  3 ghouls
  2 red draconians
  A crystal guardian (Crypt:3)
  A quicksilver dragon zombie (Depths:3)
  A ghost crab (Crypt:3)
  3 titan zombies (Vaults:5)
  A soul eater (Crypt:1)
  A deep elf knight (Vaults:5)
  2 storm dragon zombies
  4 skeletal warriors
  3 golden dragon zombies
  A ghost moth zombie (Zot:4)
  A flayed ghost (Crypt:2)
  3 shadow dragon zombies
  6 wolf spider zombies
  3 sphinx zombies
  3 ugly thing zombies (Vaults:3)
  43 human zombies
  3 iron dragon zombies
  2 frost giant zombies
  7 stone giant zombies
  8 draconian zombies
  A phantasmal warrior (Crypt:2)
  A moth of wrath (Zot:5)
  2 fire giant zombies
  2 ugly thing skeletons (Vaults:3)
  8 air elementals
  A deep dwarf zombie (Vaults:2)
  An elephant (Lair:8)
  21 water elementals
  2 dire elephant zombies
  A grey draconian zombie (Zot:2)
  2 red draconian zombies
  A death yak zombie (Depths:4)
  2 mottled draconian zombies
  2 pale draconian zombies
  A green draconian zombie (Zot:4)
  A black draconian zombie (Depths:5)
  6 redback zombies
  2 white draconian zombies
  An emperor scorpion zombie (Depths:4)
  2 yellow draconian zombies
  4 purple draconian zombies
  2 jumping spiders
  3 swamp worm zombies
  An iron troll zombie (Crypt:1)
  A mana viper zombie (Crypt:2)
  A deep elf priest (Elf:1)
  7 hydra zombies
  2 moth of wrath zombies
  A catoblepas zombie (Depths:2)
  13 deep troll zombies
  2 jumping spider zombies (Spider:5)
  2 ice dragon zombies
  4 trapdoor spider zombies (Spider:5)
  13 fire dragon zombies
  3 alligator zombies
  2 merfolk zombies (Depths:3)
  A trapdoor spider (Vaults:5)
  6 ettin zombies
  2 red wasp zombies
  3 flying skulls (Crypt:3)
  A griffon zombie (Vaults:2)
  A black mamba zombie (Lair:8)
  A satyr skeleton (Crypt:1)
  5 tarantella zombies
  2 redbacks
  A fire dragon skeleton (Crypt:3)
  15 spriggan zombies
  5 hill giant zombies
  3 humans (Swamp:4)
  A giant leech zombie (Swamp:5)
  14 vampire mosquitoes
  4 tengu zombies
  7 raven zombies
  13 ogre zombies
  2 orb spider zombies (Spider:5)
  A spiny frog zombie (Swamp:4)
  2 elephant zombies
  17 spiders
  A swamp dragon zombie (Swamp:5)
  11 yellow wasps
  2 manticore zombies
  2 human skeletons
  5 lost souls
  A torpor snail zombie (Lair:8)
  A vampire mosquito zombie (Swamp:1)
  A spider zombie (Spider:5)
  33 yaktaur zombies
  4 cyclops zombies
  3 water moccasin zombies
  3 troll zombies
  3 boulder beetle zombies
  A warg zombie (Vaults:3)
  2 yak zombies
  3 hippogriff zombies
  10 scorpions
  A boring beetle zombie (Lair:8)
  50 killer bees
  3 yak skeletons (D:12)
  3 yellow wasp zombies
  11 centaur zombies
  5 goliath beetles
  A basilisk zombie (Lair:8)
  4 two-headed ogre zombies
  2 giant frog zombies
  A centaur skeleton (D:15)
  21 elf zombies
  An orc priest (Orc:4)
  37 worker ants
  A brain worm zombie (Depths:1)
  2 crocodile zombies
  A hound zombie (D:14)
  2 swamp drake zombies (Lair:8)
  10 worms
  2 electric eel zombies (Depths:3)
  A sheep skeleton (Lair:3)
  6 sheep zombies
  An orc skeleton (Orc:4)
  A giant spore (D:10)
  4 gnoll zombies (Orc:4)
  A hobgoblin zombie (Orc:4)
  A jackal zombie (D:11)
  31 orc zombies
  2 briar patches (Swamp:5)
  12 butterflies
  16 fungi
  10 plants
  8 tentacles (Zot:1)
  117 tentacle segments (Zot:1)
795 creatures vanquished.

Grand Total: 3983 creatures vanquished

Notes
Turn   | Place    | Note
--------------------------------------------------------------
     0 | D:1      | Medar, the Spriggan Artificer, began the quest for the Orb.
     0 | D:1      | Reached XP level 1. HP: 9/9 MP: 2/2
   606 | D:1      | Reached XP level 2. HP: 12/14 MP: 5/5
  1259 | D:1      | Reached XP level 3. HP: 17/17 MP: 8/8
  1745 | D:2      | Noticed Crazy Yiuf
  1857 | D:2      | Killed Crazy Yiuf
  1857 | D:2      | Reached XP level 4. HP: 21/21 MP: 10/10
  1955 | D:2      | Found a bloodstained altar of Trog.
  1955 | D:2      | Found a radiant altar of Vehumet.
  3170 | D:3      | Reached XP level 5. HP: 25/25 MP: 13/13
  4036 | D:3      | Noticed Crauler's ghost (average DrTm)
  4436 | D:4      | Reached skill level 5 in Short Blades
  4436 | D:4      | Reached XP level 6. HP: 26/29 MP: 16/16
  4535 | D:4      | Noticed an ogre
  4568 | D:4      | Got a wizard robe
  4657 | D:4      | Found a glowing drain.
  4661 | D:4      | Reached skill level 5 in Dodging
  4666 | D:4      | Reached skill level 5 in Stealth
  4681 | Sewer    | Entered a sewer
  5206 | Sewer    | Reached skill level 6 in Dodging
  5206 | Sewer    | Reached XP level 7. HP: 29/32 MP: 18/18
  5217 | Sewer    | Identified the +0 robe "Dujoi" {Str+1 Dex+1} (You found it on level 4 of the Dungeon)
  5843 | D:4      | Noticed Grinder
  5846 | D:4      | Killed Grinder
  5846 | D:4      | Reached skill level 7 in Dodging
  5917 | D:4      | Killed an ogre
  6349 | D:4      | Reached XP level 8. HP: 34/37 MP: 20/20
  7103 | D:5      | Entered Level 5 of the Dungeon
  7116 | D:5      | Reached skill level 8 in Stealth
  7375 | D:5      | Found a staircase to the Ecumenical Temple.
  7383 | Temple   | Entered the Ecumenical Temple
  7423 | Temple   | Became a worshipper of Kikubaaqudgha
  7601 | D:4      | Found a shadowy altar of Dithmenos.
  7712 | D:5      | Reached skill level 9 in Stealth
  8718 | D:6      | Acquired Kikubaaqudgha's first power
  8718 | D:6      | Received a gift from Kikubaaqudgha
  8719 | D:6      | Identified Kikubaaqudgha's Incunabulum of Black Rituals (Kikubaaqudgha gifted it to you on level 6 of the Dungeon)
  8723 | D:6      | Learned a level 2 spell: Corpse Rot
  8980 | D:6      | Reached skill level 1 in Spellcasting
  8980 | D:6      | Reached skill level 1 in Necromancy
  8980 | D:6      | Reached XP level 9. HP: 40/40 MP: 21/21
  9051 | D:6      | Noticed Eustachio
  9055 | D:6      | Killed Eustachio
 10436 | D:8      | Reached skill level 5 in Spellcasting
 10645 | D:8      | Learned a level 4 spell: Control Undead
 11239 | D:8      | Acquired Kikubaaqudgha's second power
 11735 | D:9      | Received a gift from Kikubaaqudgha
 11739 | D:9      | Identified Kikubaaqudgha's Catalogue of Stolen Souls (Kikubaaqudgha gifted it to you on level 9 of the Dungeon)
 11747 | D:9      | Learned a level 4 spell: Animate Dead
 11799 | D:9      | Noticed Dowan
 11800 | D:9      | Noticed Duvessa
 11882 | D:9      | Reached skill level 10 in Short Blades
 12002 | D:9      | Found a staircase to the Orcish Mines.
 12011 | D:9      | Reached XP level 10. HP: 44/44 MP: 27/27
 12066 | D:9      | Found a snail-covered altar of Cheibriados.
 12067 | D:9      | Found a stormy altar of Qazlal.
 12159 | D:9      | Found a sparkling altar of Nemelex Xobeh.
 12161 | D:9      | Found a white marble altar of Elyvilon.
 12163 | D:9      | Found a glowing silver altar of Zin.
 12165 | D:9      | Found a shadowy altar of Dithmenos.
 12509 | D:9      | Reached skill level 5 in Necromancy
 12755 | D:9      | Found a staircase to the Lair.
 13020 | D:9      | Killed Dowan
 13182 | D:9      | Killed Duvessa
 13470 | Lair:1   | Entered Level 1 of the Lair of Beasts
 13539 | Lair:1   | Found a dark tunnel.
 13683 | Volcano  | Entered a volcano
 13753 | Volcano  | Learned a level 5 spell: Dispel Undead
 14433 | Volcano  | Reached XP level 11. HP: 48/48 MP: 18/29
 15002 | Lair:1   | Learned a level 5 spell: Agony
 15006 | Lair:1   | Learned a level 3 spell: Vampiric Draining
 15325 | Lair:1   | Acquired Kikubaaqudgha's third power
 16060 | Lair:2   | Reached skill level 1 in Fighting
 16343 | Lair:2   | Noticed Jessica
 16437 | Lair:2   | Killed Jessica
 17169 | Lair:3   | Reached skill level 5 in Fighting
 17376 | Lair:3   | Found a staircase to the Swamp.
 17445 | Lair:3   | Acquired Kikubaaqudgha's fourth power
 17741 | Lair:3   | Reached skill level 10 in Stealth
 18028 | Lair:3   | Reached skill level 10 in Dodging
 18192 | Lair:3   | Reached skill level 11 in Stealth
 18218 | Lair:3   | Reached XP level 12. HP: 43/60 MP: 32/32
 18383 | Lair:3   | Found a hole to the Spider Nest.
 18661 | Lair:4   | Reached skill level 12 in Stealth
 18771 | Lair:4   | Noticed a seven-headed hydra
 18793 | Lair:4   | Killed a seven-headed hydra
 19626 | Lair:4   | Reached skill level 13 in Stealth
 19845 | Lair:5   | Noticed a seven-headed hydra
 19862 | Lair:5   | Killed a seven-headed hydra
 19971 | Lair:5   | Noticed ghwc's ghost (powerful DEFE)
 20758 | Lair:6   | Noticed a four-headed hydra
 20789 | Lair:6   | Killed a four-headed hydra
 20818 | Lair:6   | Reached skill level 14 in Stealth
 20901 | Lair:6   | Noticed a six-headed hydra
 20908 | Lair:6   | Killed a six-headed hydra
 20973 | Lair:6   | Noticed a six-headed hydra
 20980 | Lair:6   | Killed a six-headed hydra
 21122 | Lair:6   | Noticed a four-headed hydra
 21127 | Lair:6   | Killed a four-headed hydra
 21129 | Lair:6   | Reached skill level 15 in Stealth
 21217 | Lair:6   | Noticed a four-headed hydra
 21224 | Lair:6   | Killed a four-headed hydra
 21752 | Lair:7   | Found a staircase to the Slime Pits.
 22364 | Lair:6   | Reached XP level 13. HP: 59/64 MP: 32/32
 23064 | Lair:7   | Identified a +2 rod of the swarm (11/11) (You found it on level 7 of the Lair of Beasts)
 23191 | Lair:7   | Reached skill level 5 in Evocations
 23502 | Lair:8   | Entered Level 8 of the Lair of Beasts
 24517 | Lair:8   | Reached skill level 16 in Stealth
 24693 | Lair:8   | Found an iron altar of Okawaru.
 25266 | Lair:8   | Reached skill level 17 in Stealth
 25658 | Lair:8   | Identified Khufu's Disquisition on Dark Magic
 25661 | Lair:8   | Learned a level 1 spell: Pain
 25719 | Lair:8   | Reached skill level 18 in Stealth
 27428 | D:3      | Killed Crauler's ghost
 27638 | Orc:1    | Entered Level 1 of the Orcish Mines
 28079 | Orc:1    | Found a bloodstained altar of Trog.
 28711 | Orc:1    | Reached skill level 19 in Stealth
 28798 | Orc:2    | Noticed Erolcha
 28805 | Orc:2    | Killed Erolcha
 28824 | Orc:2    | Found a bloodstained altar of Trog.
 28964 | Orc:2    | Noticed Sonja
 28979 | Orc:2    | Killed Sonja
 29769 | Orc:3    | Noticed an orc warlord
 29918 | Orc:3    | Noticed Starve's ghost (powerful DsGl)
 29937 | Orc:3    | Killed Starve's ghost
 30580 | Orc:3    | Found a staircase to the Elven Halls.
 30716 | Orc:4    | Entered Level 4 of the Orcish Mines
 31200 | Orc:4    | Found an iron altar of Okawaru.
 31382 | Orc:4    | Upgraded the game from 0.15.0-8-gb109cf8 to 0.15.0-11-g6f4f891
 31884 | Orc:3    | Killed an orc warlord
 31884 | Orc:3    | Reached skill level 20 in Stealth
 31884 | Orc:3    | Reached XP level 14. HP: 68/68 MP: 18/33
 32361 | Orc:4    | Noticed an orc warlord
 32367 | Orc:4    | Killed an orc warlord
 34126 | Orc:4    | Found Plyvod's General Store.
 34128 | Orc:4    | Found Qusocir's Book Boutique.
 34129 | Orc:4    | Found Olappual's Antique Armour Shop.
 34129 | Orc:4    | Found Kuec's Antique Weapon Shop.
 34407 | Orc:4    | Bought a scroll of recharging for 133 gold pieces
 34407 | Orc:4    | Bought a potion of berserk rage for 42 gold pieces
 34455 | Orc:4    | Bought Lausiwu's Grimoire of Weightlessness for 433 gold pieces
 34459 | Orc:4    | Learned a level 2 spell: Repel Missiles
 34727 | D:10     | Entered Level 10 of the Dungeon
 34729 | D:10     | Found a glowing silver altar of Zin.
 34762 | D:10     | Reached skill level 1 in Charms
 34918 | D:10     | Noticed Nergalle
 34961 | D:10     | Killed Nergalle
 34961 | D:10     | Reached skill level 1 in Air Magic
 35198 | D:10     | Found a portal to a secret trove of treasure.
 36586 | D:11     | Reached skill level 1 in Shields
 39276 | D:13     | Reached skill level 5 in Shields
 39337 | D:13     | Found a white marble altar of Elyvilon.
 40040 | D:14     | Found a gate to the Vaults.
 40042 | D:14     | Reached XP level 15. HP: 73/73 MP: 34/34
 40515 | D:14     | Noticed a tengu reaver
 40546 | D:14     | Noticed a tengu reaver
 40551 | D:14     | Noticed a fire giant
 41153 | D:14     | Killed a fire giant
 41258 | D:15     | Entered Level 15 of the Dungeon
 41346 | D:15     | Learned a level 1 spell: Summon Butterflies
 42328 | D:15     | Noticed Christof's ghost (mighty MiFi)
 42679 | D:15     | Found Kiecicha's Magic Scroll Shoppe.
 42687 | D:15     | Bought a scroll of fog for 24 gold pieces
 42687 | D:15     | Bought a scroll of summoning for 114 gold pieces
 42687 | D:15     | Bought a scroll of identify for 24 gold pieces
 42687 | D:15     | Bought a scroll of fog for 24 gold pieces
 42687 | D:15     | Bought a scroll of recharging for 114 gold pieces
 42687 | D:15     | Bought a scroll of blinking for 90 gold pieces
 42687 | D:15     | Bought a scroll of torment for 90 gold pieces
 42726 | D:15     | Killed Christof's ghost
 42934 | D:15     | Found a staircase to the Depths.
 43704 | Lair:5   | Killed ghwc's ghost
 43892 | Swamp:1  | Entered Level 1 of the Swamp
 45985 | Swamp:2  | Noticed Roxanne
 47382 | Swamp:3  | Reached skill level 10 in Evocations
 47874 | Swamp:4  | Noticed a thorn hunter
 47896 | Swamp:4  | Killed a thorn hunter
 47955 | Swamp:4  | Identified a scroll of acquirement
 48000 | Swamp:4  | Got a brightly glowing falchion
 48001 | Swamp:4  | Identified the +9 falchion "Brieclaa" {pain, rF+} (You found it on level 4 of the Swamp)
 48788 | Swamp:3  | Learned a level 3 spell: Flight
 48991 | Swamp:3  | Reached XP level 16. HP: 81/81 MP: 35/35
 50030 | Lair:7   | Gained mutation: You are weak. (Str -2) [potion of mutation]
 50270 | D:11     | Lost mutation: You are weak. (Str -2) [potion of mutation]
 50270 | D:11     | Gained mutation: You can spit poison. [potion of mutation]
 51216 | Swamp:4  | Noticed Kirke
 51223 | Swamp:4  | Killed Kirke
 51373 | Swamp:5  | Entered Level 5 of the Swamp
 52866 | Swamp:4  | Reached skill level 10 in Spellcasting
 53738 | Swamp:5  | Noticed a tentacled monstrosity
 54019 | Spider:1 | Entered Level 1 of the Spider Nest
 55842 | Spider:2 | Reached skill level 15 in Dodging
 57631 | Spider:2 | Noticed Arachne
 57639 | Spider:2 | Killed Arachne
 57693 | Spider:2 | Noticed Nessos
 57697 | Spider:2 | Killed Nessos
 57850 | Spider:3 | Noticed Wiglaf
 57854 | Spider:3 | Reached skill level 21 in Stealth
 57872 | Spider:3 | Killed Wiglaf
 59554 | Temple   | Identified a +9 quick blade of pain (a +9 quick blade of flaming bloodied by Kikubaaqudgha)
 59782 | Elf:1    | Entered Level 1 of the Elven Halls
 60501 | Elf:1    | Noticed Erica
 60625 | Elf:1    | Noticed Aizul
 60633 | Elf:1    | Killed Aizul
 60633 | Elf:1    | Reached skill level 10 in Necromancy
 60848 | Elf:1    | Reached XP level 17. HP: 87/87 MP: 38/38
 61218 | Elf:1    | Killed Erica
 61418 | Elf:2    | Found Coecs' Book Emporium.
 61900 | Elf:3    | Entered Level 3 of the Elven Halls
 61938 | Elf:3    | Found Fiosaag's Book Boutique.
 62653 | Elf:2    | Bought a Young Poisoner's Handbook for 400 gold pieces
 62657 | Elf:2    | Learned a level 2 spell: Cure Poison
 62697 | Elf:3    | Bought a book of Party Tricks for 600 gold pieces
 62700 | Elf:3    | Learned a level 1 spell: Apportation
 62703 | Elf:3    | Learned a level 2 spell: Blink
 63342 | Spider:4 | Found a frozen archway.
 63501 | IceCv    | Entered an ice cave
 64515 | IceCv    | Noticed an Ice Fiend
 64526 | IceCv    | Killed an Ice Fiend
 64717 | Spider:4 | Reached skill level 1 in Translocations
 65078 | Spider:4 | Reached skill level 5 in Translocations
 65104 | Spider:4 | Reached skill level 1 in Poison Magic
 65979 | Spider:5 | Entered Level 5 of the Spider Nest
 67381 | Spider:5 | Learned a level 2 spell: Ensorcelled Hibernation
 67425 | Spider:5 | Noticed Donald
 67737 | Spider:5 | Killed Donald
 67890 | Spider:5 | Reached XP level 18. HP: 77/92 MP: 34/41
 67901 | Spider:5 | Reached skill level 15 in Spellcasting
 67954 | Spider:5 | Reached skill level 1 in Hexes
 67988 | Spider:5 | Reached skill level 1 in Ice Magic
 68229 | Spider:5 | Noticed Rupert
 68246 | Spider:5 | Killed Rupert
 68295 | Spider:5 | Reached skill level 22 in Stealth
 68630 | Spider:5 | Your ally Rupert died
 69012 | Spider:5 | Got a gossamer rune of Zot
 69382 | Spider:5 | Gained mutation: You are clumsy. (Dex -2) [potion of mutation]
 69382 | Spider:5 | Gained mutation: You are very clumsy. (Dex -4) [potion of mutation]
 69382 | Spider:5 | Gained mutation: You have sharp toenails. [potion of mutation]
 69598 | Lair:1   | Lost mutation: You have sharp toenails. [potion of cure mutation]
 69598 | Lair:1   | Lost mutation: You can spit poison. [potion of cure mutation]
 69598 | Lair:1   | Lost mutation: You are very clumsy. (Dex -4) [potion of cure mutation]
 69598 | Lair:1   | Lost mutation: You are clumsy. (Dex -2) [potion of cure mutation]
 69612 | Lair:1   | Learned a level 4 spell: Alistair's Intoxication
 69784 | D:14     | Reached skill level 1 in Transmutations
 70331 | Vaults:1 | Entered Level 1 of the Vaults
 70582 | Vaults:1 | Reached skill level 5 in Transmutations
 73559 | Vaults:2 | Found a staircase to the Crypt.
 74128 | Vaults:2 | Noticed Jorgrun
 74350 | Vaults:2 | Reached skill level 1 in Armour
 74393 | Vaults:2 | Killed Jorgrun
 74605 | Vaults:2 | Reached XP level 19. HP: 58/96 MP: 35/43
 76082 | Vaults:3 | Reached skill level 5 in Armour
 76602 | Vaults:3 | Found Veggeig's Magic Scroll Emporium.
 76652 | Vaults:3 | Bought a scroll of magic mapping for 59 gold pieces
 76652 | Vaults:3 | Bought a scroll of teleportation for 51 gold pieces
 76652 | Vaults:3 | Bought a scroll of silence for 127 gold pieces
 77027 | Vaults:3 | Reached skill level 10 in Fighting
 77461 | Vaults:3 | Found Klaomm's Book Shoppe.
 78820 | Vaults:4 | Reached skill level 5 in Hexes
 81184 | Vaults:3 | Learned a level 6 spell: Invisibility
 81214 | Vaults:4 | Reached skill level 10 in Hexes
 81434 | Vaults:4 | Reached XP level 20. HP: 105/105 MP: 43/43
 84209 | Swamp:4  | Reached skill level 23 in Stealth
 84431 | Swamp:5  | Got a decaying rune of Zot
 85821 | Crypt:1  | Entered Level 1 of the Crypt
 85971 | Crypt:1  | Learned a level 5 spell: Warp Weapon
 86296 | Crypt:1  | Reached skill level 5 in Charms
 88294 | Crypt:1  | Reached skill level 1 in Throwing
 89879 | Crypt:1  | Noticed an ancient lich
 90009 | Crypt:1  | Killed an ancient lich
 90009 | Crypt:1  | Reached skill level 24 in Stealth
 90318 | Crypt:1  | Got an ancient turquoise ring
 90320 | Crypt:1  | Identified the ring "Rozol" {Fire rElec Stlth++} (You found it on level 1 of the Crypt)
 90644 | Crypt:2  | Got a brightly glowing cloak
 90655 | Crypt:2  | Identified the -5 cloak of Limited Liability {+Blink MR+ Dex+3} (You acquired it on level 2 of the Crypt)
 91234 | Crypt:2  | Reached XP level 21. HP: 109/109 MP: 15/44
 91617 | Crypt:3  | Entered Level 3 of the Crypt
 92980 | Crypt:3  | Reached skill level 25 in Stealth
 94617 | Crypt:3  | Found a staircase to the Tomb.
 94960 | Crypt:3  | Identified Uquikoa's Handbook of Lucky Sinister Rituals (You found it on level 3 of the Crypt)
 95226 | Crypt:3  | Got a slimy blowgun
 95247 | Crypt:3  | Found a basalt altar of Yredelemnul.
 95247 | Crypt:3  | Noticed an ancient lich
 95251 | Crypt:3  | Killed an ancient lich
 95592 | Crypt:3  | Identified the +0 blowgun of Mexoapp {evade, Int+3} (You took it off a vampire knight on level 3 of the Crypt)
 96446 | Vaults:2 | Your ally Jorgrun died
 96568 | Depths:1 | Entered Level 1 of the Depths
 98703 | Depths:1 | Found a gateway to Hell.
 99342 | Depths:1 | Reached XP level 22. HP: 82/114 MP: 27/45
 99433 | D:15     | Learned a level 6 spell: Deflect Missiles
100022 | Depths:2 | Found a one-way gate to the infinite horrors of the Abyss.
100364 | Depths:2 | Got an iridescent whip
100365 | Depths:2 | Identified the +3 whip of Gilinkig {pain, Str+3} (You found it on level 2 of the Depths)
100423 | Depths:2 | Got a sheer robe
100434 | Depths:2 | Identified the cursed -1 robe of Limited Liability {Str+3 Int+4} (You found it on level 2 of the Depths)
100456 | Depths:2 | Identified the Incunabulum of the Entourage
100585 | Depths:2 | Reached skill level 10 in Charms
101642 | Depths:3 | Reached skill level 15 in Charms
101777 | Depths:3 | Found a one-way gate leading to the halls of Pandemonium.
105332 | Depths:3 | Noticed the Enchantress
105485 | Depths:2 | Got a slimy quarterstaff
105486 | Depths:2 | Identified the +5 quarterstaff of Wiephuja {holy, rC+ MR++ Str+3 Stlth+} (You found it on level 2 of the Depths)
106319 | Depths:4 | Reached skill level 26 in Stealth
106455 | Depths:4 | Found a gateway to a ziggurat.
107066 | Depths:4 | Reached XP level 23. HP: 113/118 MP: 35/46
107849 | Depths:4 | Reached skill level 27 in Stealth
108578 | Depths:5 | Entered Level 5 of the Depths
109334 | Depths:5 | Noticed an ancient lich
109643 | Depths:5 | Killed an ancient lich
110568 | Depths:5 | Found a gate to the Realm of Zot.
111559 | D:10     | Learned a level 5 spell: Silence
113700 | Elf:3    | Noticed Agnes
113744 | Elf:3    | Killed Agnes
114545 | Elf:3    | Got an ichor-stained robe
115041 | Elf:3    | Reached XP level 24. HP: 126/126 MP: 47/47
115190 | Elf:3    | Noticed Nikola
115490 | Elf:3    | Killed Nikola
115593 | Elf:3    | Identified the +2 robe of Foegh {Dex+4} (You took it off a deep elf mage on level 3 of the Elven Halls)
116650 | Elf:3    | Got a sparkling brass ring
116652 | Elf:3    | Identified the ring of Trixil {Fire Dex+2 Int+1} (You found it on level 3 of the Elven Halls)
116752 | Elf:3    | Learned a level 3 spell: Regeneration
116754 | Elf:3    | Got an ivory hand axe
116771 | Elf:3    | Identified the Compendium of Conjuration (You found it on level 3 of the Elven Halls)
116832 | Elf:3    | Gained mutation: You are partially covered in yellow scales (AC +2). [potion of mutation]
116832 | Elf:3    | Gained mutation: Potions and wands are less effective at restoring your health. [potion of mutation]
116832 | Elf:3    | Gained mutation: Your body is slowly deteriorating. [potion of mutation]
117124 | Lair:1   | Lost mutation: Your body is slowly deteriorating. [potion of cure mutation]
117124 | Lair:1   | Lost mutation: You are partially covered in yellow scales (AC +2). [potion of cure mutation]
117124 | Lair:1   | Lost mutation: Potions and wands are less effective at restoring your health. [potion of cure mutation]
117125 | Lair:1   | Gained mutation: Your body is slowly deteriorating. [potion of mutation]
117125 | Lair:1   | Gained mutation: You are agile. (Dex +2) [potion of mutation]
117125 | Lair:1   | Gained mutation: You can translocate small distances at will. [potion of mutation]
117485 | Vaults:3 | Learned a level 8 spell: Death's Door
117663 | D:14     | Killed a tengu reaver
117683 | D:14     | Killed a tengu reaver
118250 | Crypt:3  | Learned a level 5 spell: Phase Shift
118990 | Vaults:5 | Entered Level 5 of the Vaults
120324 | Vaults:5 | Got a transparent quarterstaff
120644 | Vaults:5 | Noticed an ancient lich
120775 | Vaults:5 | Noticed Margery
121047 | Vaults:5 | Killed Margery
121604 | Vaults:5 | Gained mutation: You are resistant to hostile enchantments. [a shining eye]
121781 | Vaults:5 | Reached XP level 25. HP: 133/133 MP: 47/47
121964 | Vaults:5 | Noticed an ancient lich
122089 | Vaults:5 | Got an ichor-stained mace
122094 | Vaults:5 | Identified the +8 mace of Peace {crush, Dex+4} (You took it off an ironbrand convoker on level 5 of the Vaults)
122290 | Vaults:5 | Killed an ancient lich
122290 | Vaults:5 | Reached skill level 15 in Necromancy
123829 | Vaults:5 | Killed an ancient lich
124532 | Vaults:5 | Got a silver rune of Zot
124537 | Vaults:5 | Got a brightly glowing platinum amulet
124538 | Vaults:5 | Identified the amulet "Jizxurghu" {Inacc Int+3} (You found it on level 5 of the Vaults)
124561 | Vaults:5 | Got a pitted cutlass
124562 | Vaults:5 | Identified the +1 cutlass of Wucsuth {flame, rN+} (You found it on level 5 of the Vaults)
124625 | Vaults:5 | Learned a level 3 spell: Confuse
125252 | Vaults:5 | Gained mutation: You can spit poison. [potion of beneficial mutation]
126445 | Zot:1    | Entered Level 1 of the Realm of Zot
127461 | Zot:1    | Noticed an orb of fire
127748 | Zot:1    | Banished an orb of fire
129625 | Zot:2    | Reached XP level 26. HP: 93/137 MP: 48/48
130251 | Zot:3    | Reached skill level 15 in Short Blades
132975 | Zot:4    | Gained mutation: You tend to lose your temper in combat. [a Zot trap]
133063 | Zot:3    | Noticed an orb of fire
133283 | Depths:3 | Lost mutation: You tend to lose your temper in combat. [potion of cure mutation]
133283 | Depths:3 | Lost mutation: Your body is slowly deteriorating. [potion of cure mutation]
133283 | Depths:3 | Lost mutation: You can spit poison. [potion of cure mutation]
133283 | Depths:3 | Lost mutation: You are agile. (Dex +2) [potion of cure mutation]
133598 | Depths:4 | Learned a level 8 spell: Borgnjor's Revivification
133970 | Zot:5    | Entered Level 5 of the Realm of Zot
134094 | Zot:5    | Reached skill level 15 in Evocations
134628 | Zot:5    | Noticed an orb of fire
134667 | Zot:5    | Gained mutation: Potions and wands are less effective at restoring your health. [an orb of fire]
134678 | Zot:5    | Killed an orb of fire
134714 | Zot:5    | Noticed an ancient lich
134795 | Zot:5    | Killed an ancient lich
134878 | Zot:5    | Noticed an orb of fire
134907 | Zot:5    | Reached XP level 27. HP: 142/142 MP: 44/49
134999 | Zot:5    | Noticed an ancient lich
135204 | Zot:5    | Killed an ancient lich
135266 | Zot:5    | Noticed an orb of fire
135304 | Zot:5    | Noticed an orb of fire
135587 | Depths:3 | Lost mutation: Potions and wands are less effective at restoring your health. [potion of cure mutation]
135587 | Depths:3 | Lost mutation: You can translocate small distances at will. [potion of cure mutation]
135587 | Depths:3 | Lost mutation: You are resistant to hostile enchantments. [potion of cure mutation]
135838 | Zot:5    | Noticed an orb of fire
135943 | Zot:5    | Noticed an orb of fire
135980 | Zot:5    | Killed an orb of fire
136300 | Zot:5    | Noticed an orb of fire
136332 | Zot:5    | Gained mutation: Potions and wands are less effective at restoring your health. [an orb of fire]
136334 | Zot:5    | Gained mutation: Potions and wands are poor at restoring your health. [an orb of fire]
136620 | Zot:5    | Noticed an orb of fire
136680 | Zot:5    | Banished an orb of fire
136847 | Zot:5    | Gained mutation: You are frail (-10% HP). [an orb of fire]
136857 | Zot:5    | Killed from afar by an orb of fire

Action                   |  1- 3 |  4- 6 |  7- 9 | 10-12 | 13-15 | 16-18 | 19-21 | 22-24 | 25-27 || total
-------------------------+-------+-------+-------+-------+-------+-------+-------+-------+-------++-------
Melee: Short sword       |    93 |    82 |    19 |       |       |       |       |       |       ||   194
       Dagger            |       |   178 |   467 |  1060 |  2574 |   746 |       |       |       ||  5025
       Cutlass           |       |       |     9 |     8 |       |       |       |       |       ||    17
       Quick blade       |       |       |       |       |       |  1892 |  3624 |  3048 |  2047 || 10611
       Knife             |       |       |       |       |       |       |    94 |    16 |   131 ||   241
       Unarmed           |       |       |       |       |       |       |       |    14 |       ||    14
 Fire: Blowgun           |       |       |       |       |       |    32 |     5 |     1 |       ||    38
 Cast: Corpse Rot        |       |       |     8 |    18 |    15 |     3 |     3 |       |       ||    47
       Dispel Undead     |       |       |       |    29 |    13 |     1 |    43 |     5 |     3 ||    94
       Control Undead    |       |       |       |     4 |       |     9 |    18 |     1 |       ||    32
       Animate Dead      |       |       |       |    10 |    40 |    53 |    77 |    95 |    46 ||   321
       Agony             |       |       |       |     6 |    36 |     6 |     2 |    36 |       ||    86
       Vampiric Draining |       |       |       |     1 |     6 |     3 |       |       |       ||    10
       Pain              |       |       |       |       |    18 |       |       |       |       ||    18
       Repel Missiles    |       |       |       |       |     3 |     2 |     3 |       |       ||     8
       Flight            |       |       |       |       |       |    11 |     9 |     9 |     6 ||    35
       Cure Poison       |       |       |       |       |       |     6 |     2 |     1 |       ||     9
       Alistair's Intoxi |       |       |       |       |       |    22 |    35 |    49 |     6 ||   112
       Ensorcelled Hiber |       |       |       |       |       |     4 |     1 |       |       ||     5
       Blink             |       |       |       |       |       |     2 |       |       |     1 ||     3
       Warp Weapon       |       |       |       |       |       |       |    67 |    16 |    21 ||   104
       Deflect Missiles  |       |       |       |       |       |       |       |     5 |     6 ||    11
       Silence           |       |       |       |       |       |       |       |     2 |     8 ||    10
       Phase Shift       |       |       |       |       |       |       |       |    12 |    15 ||    27
       Regeneration      |       |       |       |       |       |       |       |    12 |    12 ||    24
       Invisibility      |       |       |       |       |       |       |       |       |     2 ||     2
Invok: Receive Corpses   |       |       |       |       |     1 |       |       |       |       ||     1
 Abil: Evoke Teleport Co |       |       |       |       |       |       |       |     1 |       ||     1
Evoke: Wand              |    14 |    16 |    14 |    51 |    90 |    66 |    36 |    10 |    16 ||   313
       Rod               |       |       |       |       |    79 |    32 |       |     2 |    12 ||   125
       Phial of floods   |       |       |       |       |       |     6 |     6 |     3 |    10 ||    25
       Fan of gales      |       |       |       |       |       |     1 |     1 |     1 |     2 ||     5
       Sack of spiders   |       |       |       |       |       |       |       |       |     5 ||     5
  Use: Scroll            |       |    10 |    11 |     9 |    15 |    27 |    20 |    24 |    24 ||   140
       Potion            |       |     1 |       |     3 |     6 |    11 |    10 |     9 |    13 ||    53
 Stab: Sleeping          |     5 |     3 |    38 |    48 |   147 |    98 |    90 |    64 |    31 ||   524
       Distracted        |       |       |     4 |     6 |    34 |    23 |    23 |    39 |    27 ||   156
       Betrayed ally     |       |       |     1 |       |     2 |     2 |       |     1 |       ||     6
       Paralysed         |       |       |       |     1 |     5 |       |       |       |       ||     6
       Fleeing           |       |       |       |       |     1 |       |       |     1 |       ||     2
       Confused          |       |       |       |       |     1 |    20 |    20 |    29 |     2 ||    72
       Held in net/web   |       |       |       |       |       |     2 |       |       |       ||     2
       Invisible         |       |       |       |       |       |       |    36 |    12 |   119 ||   167
  Eat: Bread ration      |       |     1 |     1 |     2 |     6 |     1 |     6 |     2 |     3 ||    22
       Pizza             |       |       |       |     2 |     1 |     1 |       |     2 |     2 ||     8
       Fruit             |       |       |       |     9 |     6 |    10 |       |       |     6 ||    31
       Royal jelly       |       |       |       |     1 |    11 |     4 |       |     7 |     1 ||    24
